AoeStats
← westrem

Four Lakes

509439465Analyzed
1v1 RM · 6d ago on Sep 26, 2026· 56m 54s· 2 players
Game mode
Random Map
Map size
Tiny (2 player)
Population
200
Speed
Normal
Resources
Standard
Victory
Conquest
Starting age
Dark Age
Ending age
Imperial Age
RankedLock teamsTeams togetherTeam positionsShared explorationLock speedFull tech treeHidden civsTurbo modeCheats
Victory
Defeat
🇺🇸 Burmese · United States
1100
+15
🇨🇿 Varangians · Czechia
1081
-15
westrem
2:53 Loom
12:56 Feudal Age
14:28 Double-Bit Axe
15:22 Town Watch
16:37 Fishing Lines
19:49 Castle Age
17:46 Horse Collar
19:53 Forging
20:39 Scale Barding Armor
21:26 Gillnets
24:07 Scale Mail Armor
24:34 Squires
25:58 Chain Barding Armor
25:56 Chain Mail Armor
27:33 Arson
31:30 Heavy Plow
32:11 Iron Casting
35:52 Imperial Age
33:18 Fletching
37:16 Plate Mail Armor
36:47 Gold Mining
37:16 Elite Varangian Guard
39:36 Conscription
39:29 Herbal Medicine
39:57 Cavalier
40:48 Bloodlines
40:59 Chain Barding Armor
41:16 Husbandry
40:40 Vendel Legacy
42:10 Bodkin Arrow
55:49 Light Cavalry
Lord Tay
1:00 Loom
13:50 Feudal Age
15:56 Wheelbarrow
15:53 Fishing Lines
20:43 Castle Age
21:41 Forging
21:32 Scale Mail Armor
22:18 Gillnets
21:54 Pikeman
23:08 Redemption
23:19 Sanctity
23:10 Fervor
24:13 Hand Cart
24:30 Squires
24:16 Arson
24:17 Gambesons
31:56 Man-at-Arms
33:06 Demolition Ship
38:19 Imperial Age
35:56 Husbandry
36:16 Padded Archer Armor
36:32 Bloodlines
38:27 Elite Arambai
40:19 Conscription
40:31 Parthian Tactics
46:24 Elite Battle Elephant
47:20 Capped Ram
51:52 Scale Barding Armor
Connection lost

Rejoining the realm…

Still unreachable

The connection could not be restored.

Session expired

The server has moved on; the page needs a fresh start.